 Dungeon Crawl Stone Soup version 0.28.0-47-ge53b351184 (webtiles) character file.

Game seed: 18149953996275738229

3033 hawla the Geomancer (level 9, -2/35 HPs)
             Began as a Felid Earth Elementalist on May 8, 2022.
             Slain by Erica
             ... wielding a +1 scimitar of flaming
              (3 damage)
             ... on level 10 of the Dungeon on May 9, 2022.
             The game lasted 00:31:24 (12047 turns).

hawla the Geomancer (Felid Earth Elementalist)     Turns: 12047, Time: 00:31:24

Health: -2/35      AC:  2    Str:  6    XL:     9   Next: 56%
Magic:  6/17       EV: 24    Int: 19    God:
Gold:   790        SH:  0    Dex: 17    Spells: 7/17 levels left
                                        Lives:  0   Deaths: 2

rFire   . . .      SeeInvis +     - Unarmed
rCold   . . .      Faith    .   (shield unavailable)
rNeg    . . .      Spirit   .   (armour unavailable)
rPois   .          Reflect  .   (helmet unavailable)
rElec   .          Harm     .   (cloak unavailable)
rCorr   .          Rampage  .   (gloves unavailable)
Will    +....                   (boots unavailable)
Stlth   +++.......              (no amulet)
HPRegen 0.11/turn               h - +4 ring of evasion
MPRegen 0.15/turn               a - ring of flight

@: flying, slowed, slow
A: very small, claws 1, fangs 3, see invisible, speed 1, shaggy fur 2, stealthy
paws, no weapons or thrown items, no armour, multi-lived
a: no special abilities


You were on level 10 of the Dungeon.
You visited 1 branch of the dungeon, and saw 11 of its levels.

You collected 790 gold pieces.

Inventory:

Missiles
 b - 174 stones
Jewellery
 a - a ring of flight (right paw)
 h - a +4 ring of evasion (left paw)
Wands
 e - a wand of iceblast (2)
 j - a wand of digging (3)
 l - a wand of paralysis (15)
 n - a wand of polymorph (3)
 q - a wand of flame (38)
Scrolls
 f - a scroll of silence
 k - 2 scrolls of magic mapping
 s - 3 scrolls of identify
Potions
 d - 2 potions of flight
 m - a potion of cancellation
Miscellaneous
 t - a piece from Xom's chessboard (15/15)


   Skills:
 + Level 1.4 Fighting
 + Level 5.7 Dodging
 - Level 4.6 Stealth
 + Level 3.5 Unarmed Combat
 - Level 4.7 Spellcasting
 * Level 7.4 Conjurations
 + Level 1.1 Transmutations
 * Level 3.8 Fire Magic
 + Level 10.6 Earth Magic
 + Level 1.0 Evocations


You had 7 spell levels left.
You knew the following spells:

 Your Spells              Type           Power      Damage    Failure   Level
a - Sandblast             Erth           88%        2d18      1%          1
b - Stone Arrow           Conj/Erth      76%        3d11      1%          3
c - Passwall              Tmut/Erth      21%        N/A       1%          2
d - Sticky Flame          Conj/Fire      25%        2d5       13%         4

Your spell library contained the following spells:

 Spells                   Type           Power      Damage    Failure   Level
 Conjure Flame            Conj/Fire      25%        6-21      3%          3
 Petrify                  Tmut/Erth      26%        N/A       12%         4
 Ignite Poison            Fire/Tmut/Pois 10%        N/A       21%         3
 Gell's Gravitas          Tloc           4%         N/A       36%         3
 Lesser Beckoning         Tloc           4%         N/A       36%         3
 Teleport Other           Tloc           4%         N/A       36%         3


Dungeon Overview and Level Annotations

Branches:
Dungeon (11/15)            Temple (0/1) D:7            Lair (0/6) D:8
    Orc: D:9-12

Altars:

Annotations:
D:10 Erica; Fannar
D:11 3 runed translucent doors, acdeimund's ghost, journeyman MfIE


Innate Abilities, Weirdness & Mutations

You have sharp claws.
You have razor-sharp teeth.
You have supernaturally acute eyesight. (SInv)
You cover ground quickly. (Speed+)
You are covered in thick fur. (AC +2)
Your paws help you pounce on unaware monsters.
You are incapable of wielding weapons or throwing items.
You cannot wear armour.
You gain extra lives every three experience levels.


Message History

Aim: Erica, wielding a +1 scimitar of flaming and wearing a +2 robe of the Archmagi (slightly transparent, 71% to hit)
The stone arrow hits Erica!
Erica is moderately wounded.
Casting: Stone Arrow (safe; 1% risk of failure)
Confirm with . or Enter, or press ? or * to list all spells.
Aiming: Stone Arrow (safe; 1% risk of failure)
Press: ? - help, Shift-Dir - straight line, f/p - Erica
Aim: Erica, wielding a +1 scimitar of flaming and wearing a +2 robe of the Archmagi (moderately wounded, slightly transparent, 71% to hit)
The stone arrow hits Erica!
Erica is moderately wounded.
Casting: Stone Arrow (safe; 1% risk of failure)
Confirm with . or Enter, or press ? or * to list all spells.
Aiming: Stone Arrow (safe; 1% risk of failure)
Press: ? - help, Shift-Dir - straight line, f/p - Erica
Aim: Erica, wielding a +1 scimitar of flaming and wearing a +2 robe of the Archmagi (moderately wounded, slightly transparent, 71% to hit)
The stone arrow hits Erica!
Erica is heavily wounded.
Erica says, "I'm so much better than you."
Erica barely misses you.
Erica points at you and mumbles some strange words.
You easily resist.
Casting: Stone Arrow (safe; 1% risk of failure)
Confirm with . or Enter, or press ? or * to list all spells.
Aiming: Stone Arrow (safe; 1% risk of failure)
Press: ? - help, Shift-Dir - straight line, f/p - Erica
Aim: Erica, wielding a +1 scimitar of flaming and wearing a +2 robe of the Archmagi (heavily wounded, slightly transparent, 71% to hit)
The stone arrow hits Erica!
Erica is severely wounded.
Erica hits you with a +1 scimitar of flaming!!
Ouch! That really hurt!
Erica burns you!
* * * LOW HITPOINT WARNING * * *
Aiming: Paralyse
Press: ? - help, Shift-Dir - straight line, f/p - Erica
Aim: Erica, wielding a +1 scimitar of flaming and wearing a +2 robe of the Archmagi (severely wounded, slightly transparent, chance to affect: 19%) Erica resists with almost no effort.
Erica hits you with a +1 scimitar of flaming!
* * * LOW HITPOINT WARNING * * *
Erica burns you.
You die...

#######################
.........)...>.....?....
..................(.....
................@@....(.
........................
....##++##.....(........
##### ###############


You could see Erica (invisible).

Vanquished Creatures
  Josephine (D:10)
  A two-headed ogre (D:8)
  A cyclops (D:10)
  An elephant (D:8)
  Psyche (D:8)
  A hornet (D:6)
  Prince Ribbit (D:8)
  3 wraiths (D:10)
  3 wyverns
  A basilisk (D:8)
  A steam dragon (D:7)
  2 vampire mosquitoes (D:11)
  Edmund (D:5)
  A water moccasin (D:7)
  Duvessa (D:6)
  3 black bears
  An ice beast (D:7)
  A necrophage (D:5)
  An ogre (D:7)
  4 centaurs
  3 phantoms
  2 bullfrogs
  2 kobold brigands (D:6)
  4 scorpions
  Dowan (D:6)
  A water moccasin skeleton (D:4)
  5 killer bees (D:9)
  A centaur zombie (D:7)
  3 hounds
  2 bullfrog zombies
  4 iguanas
  A howler monkey zombie (D:8)
  11 gnolls
  6 adders
  A white imp (D:6)
  An ufetubus (D:3)
  2 worms
  3 dart slugs
  18 orcs
  3 bats
  6 endoplasms
  4 giant cockroaches (D:3)
  6 goblins
  12 hobgoblins
  10 jackals
  10 kobolds
  6 quokkas (D:2)
  4 ball pythons
  5 frilled lizards
  15 rats
  A bush (D:6)
183 creatures vanquished.

Vanquished Creatures (others)
  A fungus (D:11)
  33 plants
34 creatures vanquished.

Grand Total: 217 creatures vanquished

Notes
Turn   | Place    | Note
-------+----------+-------------------------------------------
     0 | D:1      | hawla the Felid Earth Elementalist began the quest for the
                  | Orb.
     0 | D:1      | Reached XP level 1. HP: 7/7 MP: 4/4
   148 | D:1      | Reached skill level 3 in Earth Magic
   148 | D:1      | Reached XP level 2. HP: 11/11 MP: 3/6
   405 | D:1      | Reached XP level 3. HP: 7/14 MP: 4/7
   609 | D:1      | Found a faded altar of an unknown god.
  1363 | D:2      | Reached XP level 4. HP: 18/18 MP: 2/9
  1367 | D:2      | Learned a level 3 spell: Stone Arrow
  2289 | D:2      | Reached skill level 4 in Earth Magic
  2377 | D:2      | Reached XP level 5. HP: 21/21 MP: 6/10
  2441 | D:2      | Reached skill level 1 in Unarmed Combat
  2820 | D:3      | Reached skill level 1 in Conjurations
  3719 | D:4      | Gained mutation: You are covered in thick fur. (AC +2)
                  | [Felid growth]
  3719 | D:4      | Reached XP level 6. HP: 24/24 MP: 3/11
  3755 | D:4      | Reached skill level 5 in Earth Magic
  4188 | D:4      | Reached XP level 7. HP: 24/27 MP: 4/12
  4782 | D:5      | Entered Level 5 of the Dungeon
  4818 | D:5      | Reached skill level 6 in Earth Magic
  5086 | D:5      | You fall into a shaft and drop 1 floor!
  5280 | D:6      | Noticed Dowan
  5471 | D:6      | Reached XP level 8. HP: 31/31 MP: 6/13
  5526 | D:6      | Noticed Duvessa
  5541 | D:6      | Killed Duvessa
  5542 | D:6      | Reached skill level 7 in Earth Magic
  5723 | D:6      | Learned a level 2 spell: Passwall
  5857 | D:6      | Noticed a hornet
  5867 | D:6      | Killed a hornet
  6475 | D:5      | Noticed Edmund
  6480 | D:5      | Killed Edmund
  6481 | D:5      | Reached skill level 8 in Earth Magic
  6801 | D:6      | Gained mutation: You are partially covered in iridescent
                  | scales. (AC +2) [potion of mutation]
  6802 | D:6      | Lost mutation: You are partially covered in iridescent
                  | scales. (AC +2) [potion of mutation]
  6802 | D:6      | Gained mutation: You are partially covered in iridescent
                  | scales. (AC +2) [potion of mutation]
  6802 | D:6      | Lost mutation: You are partially covered in iridescent
                  | scales. (AC +2) [potion of mutation]
  6963 | D:6      | Killed Dowan
  7705 | D:7      | Reached XP level 9. HP: 34/34 MP: 3/16
  8116 | D:6      | Learned a level 4 spell: Sticky Flame
  8450 | D:7      | Reached skill level 1 in Fire Magic
  8895 | D:7      | Reached skill level 1 in Fighting
  8895 | D:7      | Reached skill level 5 in Conjurations
  9022 | D:7      | Found a staircase to the Ecumenical Temple.
  9167 | D:8      | Found a staircase to the Lair.
  9169 | D:8      | Noticed an elephant
  9185 | D:7      | Reached skill level 5 in Dodging
  9185 | D:7      | Reached skill level 9 in Earth Magic
  9398 | D:8      | Noticed Prince Ribbit
  9401 | D:8      | Noticed Psyche
  9402 | D:8      | Killed Prince Ribbit
  9490 | D:8      | Killed Psyche
  9540 | D:8      | Noticed a two-headed ogre
  9593 | D:8      | Killed a two-headed ogre
  9594 | D:8      | Reached XP level 10. HP: 39/39 MP: 5/18
  9867 | D:8      | Killed an elephant
 10590 | D:9      | Noticed a centaur warrior
 10591 | D:9      | Shot with an arrow by a centaur warrior
 10592 | D:9      | Reached XP level 9. HP: -1/35 MP: 16/17
 10620 | D:9      | Identified the +7 flail of Arbitration {speed, rCorr Dex+2}
 11296 | D:9      | Found the +8 orange crystal plate armour {Archmagi, Int+3
                  | Clar}
 11615 | D:10     | Entered Level 10 of the Dungeon
 11618 | D:10     | Noticed Josephine
 11623 | D:10     | Reached skill level 10 in Earth Magic
 11640 | D:10     | Noticed a cyclops
 11644 | D:10     | Killed from afar by Josephine
 11645 | D:10     | Reached XP level 8. HP: -16/27 MP: 3/16
 11670 | D:10     | Killed a cyclops
 11671 | D:10     | Reached XP level 9. HP: 29/35 MP: 0/17
 11673 | D:10     | Killed Josephine
 11674 | D:10     | Reached skill level 1 in Evocations
 11736 | D:10     | Noticed Fannar
 11737 | D:11     | Noticed a two-headed ogre
 11737 | D:11     | Noticed a boulder beetle
 11760 | D:11     | Found a runed translucent gate.
 11760 | D:11     | Found a runed translucent gate.
 11761 | D:11     | Found a runed translucent gate.
 11761 | D:11     | Noticed a kobold demonologist
 11762 | D:11     | Noticed a kobold demonologist
 11763 | D:11     | Noticed acdeimund's ghost (journeyman MfIE)
 11763 | D:11     | Noticed a kobold demonologist
 11830 | D:10     | Noticed Erica
 12047 | D:10     | HP: 1/35 [Erica/+1 scimitar of flaming (7)]
 12047 | D:10     | Slain by Erica

Illustrated notes

Levels and vault maps discovered:
D:1:      mrwooster_arrival_statue_3, layout_loops_corners,
          hellmonk_ecumenical_altar_dog_temple
D:2:      wad_woods_tower, layout_rooms, minmay_rat_gold_closets
D:3:      layout_rooms, minmay_distorted
D:4:      layout_basic, minmay_manual_mares
D:5:      layout_rooms, serial_bayou_crossing, uniq_edmund
D:6:      layout_loops_corners, minmay_misc_feat_four_crosses,
          minmay_hedge_maze, kennysheep_donut, uniq_duvessa
D:7:      layout_rooms, minmay_temple_entry_trees, serial_park_tiny_pond
D:8:      layout_basic, david_lair_generic, uniq_psyche, uniq_prince_ribbit1
D:9:      layout_roguey, nicolae_straight_to_the_point
D:10:     layout_cross, trog_three_pillars_becter,
          minmay_orc_entry_temple_small, kennysheep_generic_room_3,
          uniq_maurice, uniq_fannar, uniq_erica, uniq_snorg, uniq_josephine
D:11:     layout_cave_pools, gammafunk_ghost_nasty_kobolds, serial_bayou_ford_a

Skill      XL: |  1  2  3  4  5  6  7  8  9 10 |
---------------+-------------------------------+-----
Stealth        | 3 4 |  4.6
Earth Magic    | 3 4 5 6 8 10 | 10.6
Dodging        | 3 4 5 |  5.7
Unarmed Combat | 1 2 3 |  3.5
Conjurations   | 1 2 3 7 6 |  7.4
Spellcasting   | 4 |  4.7
Fire Magic     | 2 3 |  3.8
Fighting       | 1 |  1.4
Evocations     | 1 |  1.0
Transmutations | |  1.1

Action                   |  1- 3 |  4- 6 |  7- 9 | 10-12 || total
-------------------------+-------+-------+-------+-------++-------
Melee: Unarmed           |    18 |    36 |   134 |       ||   188
       Bite              |     1 |     2 |    34 |       ||    37
       Punch             |       |       |     9 |       ||     9
 Cast: Sandblast         |    37 |    54 |    75 |     9 ||   175
       Stone Arrow       |       |    27 |   111 |     9 ||   147
       Sticky Flame      |       |       |     1 |       ||     1
       Passwall          |       |       |     1 |       ||     1
Evoke: Wand              |       |       |    11 |       ||    11
  Use: Potion            |       |     5 |    11 |       ||    16
       Scroll            |       |     4 |    13 |     1 ||    18
 Stab: Sleeping          |     8 |    10 |       |       ||    18
       Paralysed         |       |       |     4 |       ||     4
Armor: Skin              |     1 |     7 |    18 |       ||    26
Dodge: Dodged            |    26 |    69 |   132 |     3 ||   230
